 Dungeon Crawl Stone Soup version 0.26.1-2-gb8aa6d0cf2 (webtiles) character file.

Game seed: 591616306460080523

91 Xiliam the Firebug (level 4, -1/30 HPs)
             Began as a Human Fire Elementalist on Mar 5, 2021.
             Was an Initiate of Sif Muna.
             Slain by Crazy Yiuf
             ... wielding a +3 quarterstaff of chaos
              (8 damage)
             ... on level 2 of the Dungeon.
             The game lasted 00:11:23 (1908 turns).

Xiliam the Firebug (Human Fire Elementalist)        Turns: 1908, Time: 00:11:26

Health: -1/30      AC:  6    Str:  8      XL:     4   Next: 88%
Magic:  6/7        EV: 12    Int: 17      God:    Sif Muna [......]
Gold:   78         SH:  0    Dex: 12 (13) Spells: 6/7 levels left

rFire    . . .     SeeInvis .   m - +2 dagger (speed)
rCold    . . .     Faith    .   (no shield)
rNeg     . . .     Spirit   .   a - +0 robe
rPois    .         Reflect  .   (no helmet)
rElec    .         Harm     .   f - +0 cloak
rCorr    .         Rampage  .   (no gloves)
Will     .....                  b - +2 pair of boots
Stlth    ++........             (no amulet)
HPRegen  0.10/turn              (no ring)
MPRegen  0.10/turn              (no ring)

@: no status effects
A: no striking features
a: Renounce Religion


You were on level 2 of the Dungeon.
You worshipped Sif Muna.
Sif Muna was noncommittal.
You visited 1 branch of the dungeon, and saw 2 of its levels.

You collected 78 gold pieces.

Inventory:

Hand Weapons
 c - a +0 spear
 d - a +1 vampiric whip
 m - a +2 dagger of speed (weapon)
Armour
 a - a +0 robe (worn)
 b - a +2 pair of boots (worn)
 f - a +0 cloak (worn)
Jewellery
 i - an uncursed ring of poison resistance {unknown}
Wands
 r - a wand of polymorph (8)
Scrolls
 g - a scroll of immolation {unknown}
 h - a scroll of blinking {unknown}
 j - a scroll of identify {unknown}
 k - a scroll of enchant weapon {unknown}
 l - a scroll of fog {unknown}
 n - a scroll of teleportation {unknown}
 o - a scroll of magic mapping {unknown}
 p - a scroll of fear {unknown}
Potions
 e - 2 potions of curing {unknown}
 q - a potion of lignification {unknown}
 s - a potion of resistance {unknown}


   Skills:
 - Level 2.0 Dodging
 - Level 2.0 Stealth
 - Level 2.0 Spellcasting
 + Level 1.9 Conjurations
 * Level 4.9 Fire Magic


You had 6 spell levels left.
You knew the following spells:

 Your Spells              Type           Power        Failure   Level
a - Foxfire               Conj/Fire      52%          4%          1

Your spell library contained the following spells:

 Spells                   Type           Power        Failure   Level
 Conjure Flame            Conj/Fire      13%          14%         3
 Inner Flame              Hex/Fire       10%          22%         3
 Sticky Flame             Conj/Fire      13%          43%         4
 Fireball                 Conj/Fire      6%           78%         5


Dungeon Overview and Level Annotations

Branches:
Dungeon (2/15)

Altars:
Sif Muna

Annotations:
D:2 Crazy Yiuf


Message History

You conjure some foxfire!
The foxfire hits Crazy Yiuf.
Crazy Yiuf is severely wounded.
The foxfire hits Crazy Yiuf.
Crazy Yiuf is almost dead.
Crazy Yiuf screams, "Defame!"
Crazy Yiuf cries, "Castle sizzlefizz snail!"
Crazy Yiuf sings, "Trees, trees, trees, circus!"
Crazy Yiuf twirls on the spot.
Casting: Foxfire (safe; 4% risk of failure)
Press: ? - help, Q - select action, (/) - cycle Dir - look around, f - activate You conjure some foxfire!
The foxfire hits Crazy Yiuf but does no damage.
Crazy Yiuf is heavily wounded.
The foxfire hits Crazy Yiuf but does no damage.
Crazy Yiuf is heavily wounded.
Crazy Yiuf hits you with a +3 quarterstaff of chaos!
* * * LOW HITPOINT WARNING * * *
You are electrocuted!
You die...

#.................#
#.########.###.##.# #.# #.#
#....# ######## ###.#
#.###.#.<# #....... #...#
#........####.###### #.### ###
##..###.......# #.# ##.##
#......####### #>#
##...###...#### #.#
##.....##§@.#
#.###.......#.g.#####♣♣ #
#.##............##..#.♣♣ ♣♣#..
#.###.).....)...#......♣♣♣♣.'..
#.# ##.....#............♣..♣#..
#.# ##...##........#..♣.♣♣♣ #
#.# ##.###..###..##♣♣♣♣♣ #)#
#.###..# #.## #.# #.#....#
#.############


You could see Crazy Yiuf.

Vanquished Creatures
  A quasit (D:2)
  Jessica (D:2)
  An ooze (D:1)
  4 bats
  A giant cockroach (D:1)
  3 hobgoblins
  3 jackals (D:1)
  A frilled lizard (D:2)
  3 goblins
  7 kobolds
  5 rats
30 creatures vanquished.

Vanquished Creatures (others)
  67 foxfires
67 creatures vanquished.

Grand Total: 97 creatures vanquished

Notes
Turn   | Place    | Note
-------+----------+-------------------------------------------
     0 | D:1      | Xiliam the Human Fire Elementalist began the quest for the
                  | Orb.
     0 | D:1      | Reached XP level 1. HP: 13/13 MP: 3/3
   130 | D:1      | Reached XP level 2. HP: 9/19 MP: 3/5
   483 | D:1      | Reached skill level 4 in Fire Magic
   483 | D:1      | Reached XP level 3. HP: 24/24 MP: 3/6
   689 | D:2      | Found a shimmering blue altar of Sif Muna.
   698 | D:2      | Became a worshipper of Sif Muna the Loreminder
   940 | D:2      | Found a runed translucent door.
   941 | D:2      | Noticed Crazy Yiuf
  1123 | D:2      | Noticed Jessica
  1127 | D:2      | Killed Jessica
  1128 | D:2      | Reached XP level 4. HP: 30/30 MP: 4/7
  1908 | D:2      | Slain by Crazy Yiuf

Illustrated notes

Levels and vault maps discovered:
D:1:      dpeg_arrival_three_bigger_balls, layout_rooms,
          minmay_misc_feat_ornament
D:2:      layout_loops_ring, lemuel_crystal_altar, hangedman_glass_teeth,
          uniq_jessica, uniq_crazy_yiuf_cottage

Skill      XL: |  1  2 |
---------------+-------+-----
Fire Magic     | 4 |  4.9
Dodging        | |  2.0
Stealth        | |  2.0
Spellcasting   | |  2.0
Conjurations   | |  1.9

Action                   |  1- 3 |  4- 6 || total
-------------------------+-------+-------++-------
Melee: Whip              |    12 |       ||    12
       Spear             |     4 |       ||     4
       Dagger            |     3 |    31 ||    34
 Cast: Foxfire           |    25 |    15 ||    40
Armor: Robe              |    11 |    25 ||    36
Dodge: Dodged            |    21 |    33 ||    54
